 Dungeon Crawl Stone Soup version 0.21.0-3-g78d12a8 (webtiles) character file.

1888 Gorglomux the Changer (level 9, -3/63 HPs)
             Began as a Barachi Transmuter on Jan 17, 2018.
             Was an Initiate of Okawaru.
             Slain by a gnoll
             ... wielding a +0 spear
              (6 damage)
             ... on level 5 of the Dungeon.
             The game lasted 00:12:35 (5626 turns).

Gorglomux the Changer (Barachi Transmuter)          Turns: 5626, Time: 00:12:36

Health: -3/63      AC:  7    Str: 12    XL:     9   Next: 15%
Magic:  17/19      EV: 14    Int: 17    God:    Okawaru [......]
Gold:   274        SH:  0    Dex: 12    Spells: 11/22 levels left

rFire    . . .     SeeInvis .     - Unarmed
rCold    . . .     Gourm    .   (no shield)
rNeg     . . .     Faith    .   b - +0 robe
rPois    .         Spirit   .   x - +0 helmet
rElec    .         Reflect  .   (no cloak)
rCorr    .         Harm     .   C - +2 pair of gloves
MR       .....                  K - +0 pair of boots
Stlth    +.........             (no amulet)
HPRegen  0.20/turn              (no ring)
MPRegen  0.16/turn              (no ring)

@: glowing, slow
A: +LOS, swims, slowness 1, strong legs 1
a: Hop, Renounce Religion


You were on level 5 of the Dungeon.
You worshipped Okawaru.
Okawaru was noncommittal.
You were hungry.

You visited 2 branches of the dungeon, and saw 6 of its levels.
You also visited: Sewer.

You collected 274 gold pieces.

Inventory:

Missiles
 a - 76 arrows
 Z - 2 throwing nets (quivered)
Armour
 b - a +0 robe (worn)
 g - a +2 hat
 x - a +0 helmet (worn)
 C - a +2 pair of gloves (worn)
 H - a +0 shield
 K - a +0 pair of boots (worn)
Jewellery
 z - a cursed -2 ring of protection {unknown}
Wands
 S - a wand of scattershot (6)
Scrolls
 h - 2 scrolls of immolation {unknown}
 i - 3 scrolls of remove curse
 y - 2 scrolls of teleportation {unknown}
 F - a scroll of enchant weapon {unknown}
 G - a scroll of fear {unknown}
 L - 3 scrolls of fog {unknown}
 N - 2 scrolls of random uselessness {unknown}
 O - a scroll of blinking {unknown}
 R - a scroll of identify
 T - a scroll of enchant armour {unknown}
 U - 2 scrolls of amnesia
 Y - a scroll of magic mapping {unknown}
Potions
 w - a potion of brilliance {unknown}
 A - a potion of magic {unknown}
 B - a potion of agility {unknown}
 D - 2 potions of flight {unknown}
 E - a potion of berserk rage {unknown}
 I - a potion of cancellation
 J - 2 potions of ambrosia
 M - 3 potions of heal wounds
 P - 2 potions of mutation {unknown}
 Q - 7 potions of curing
 V - 2 potions of haste
 W - a potion of might
 X - 2 potions of lignification
Books
 c - a book of Changes

   Spells                             Type                      Level
   a - Beastly Appendage              Transmutation                1
   b - Sticks to Snakes               Transmutation                2
   c - Spider Form                    Transmutation/Poison         3
   d - Ice Form                       Ice/Transmutation            4
   e - Blade Hands                    Transmutation                5
Comestibles
 d - 5 rations
 v - 7 chunks of flesh


   Skills:
 - Level 3.0 Fighting
 - Level 5.2 Dodging
 - Level 5.4 Unarmed Combat
 + Level 7.1 Spellcasting
 + Level 7.7 Transmutations


You had 11 spell levels left.
You knew the following spells:

 Your Spells              Type           Power        Failure   Level  Hunger
a - Beastly Appendage     Tmut           ####..       1%          1    None
b - Sticks to Snakes      Tmut           ####....     1%          2    None
c - Spider Form           Tmut/Pois      ###.......   7%          3    ##.....
d - Blade Hands           Tmut           ####......   13%         5    #####..


Dungeon Overview and Level Annotations

Branches:
Dungeon (5/15)             Temple (1/1) D:5

Altars:
Cheibriados
Dithmenos
Elyvilon
Fedhas
Gozag
Hepliaklqana
Kikubaaqudgha
Makhleb
Nemelex Xobeh
Okawaru
Ru
Sif Muna
Trog
Uskayaw
Vehumet
Xom
Yredelemnul
Zin


Innate Abilities, Weirdness & Mutations

Shadows flee at your approach. (+LOS)
You can swim through water.
You cover ground slowly.
You can hop short distances.


Message History

The burst of metal fragments hits the gnoll!
The butt of metal fragments hits the gnoll!
The burst of metal fragments hits the gnoll! x2
You annihilate the gnoll!!!
Okawaru roars: ANNIHILATED!
The gnoll is heavily wounded!
The gnoll hits you from afar with a spear!!! * * * don't die
* * * Unknown butt!
Unknown command!
Unknown command!
The gnoll hits you with a spear! * * * don't die
* * *
Things that are here:
a club x2; a leather armour Unknown command!
You squash the gnoll like an ant!
The gnoll is almost dead!
The gnoll hits you with a spear! rip

## # .#. .g.
### gg### #.##
#g##.##
##@###g##...#
##.g#.##...#
#...)....#
#.###...## ##
#### ##.##
...### #..##
##.####.......
###.## #.#...#
...
##.###.....#
...
##.##..#..# #.


You could see a gnoll.

Vanquished Creatures
  Pikel (D:5)
  Grinder (Sewer)
  A slave (D:5)
  An ogre (D:5)
  Blork the orc (D:5)
  2 big kobolds (Sewer)
  2 scorpions
  2 howler monkeys (D:4)
  3 bullfrog skeletons
  A quasit (Sewer)
  3 hounds
  2 orc wizards (D:5)
  2 gnoll shamans
  Jessica (D:3)
  3 worker ants (D:4)
  A killer bee zombie (D:5)
  4 big kobold zombies (Sewer)
  A hound skeleton (D:4)
  6 gnolls
  A howler monkey skeleton (D:2)
  5 adders
  A shadow imp (D:5)
  2 oozes
  4 ufetubi (Sewer)
  3 worms
  5 leopard geckos
  10 orcs
  4 ball pythons
  11 bats
  8 giant cockroaches
  5 goblins
  5 hobgoblins
  8 jackals
  6 quokkas
  A ball python skeleton (D:4)
  8 frilled lizards
  17 kobolds
  A kobold zombie (Sewer)
  12 rats
155 creatures vanquished.

Vanquished Creatures (collateral kills)
  An orc priest (D:4)
  An adder (D:3)
  3 orcs
  A bat (Sewer)
  A kobold (Sewer)
7 creatures vanquished.

Vanquished Creatures (others)
  A worker ant (D:5)
  A big kobold zombie (Sewer)
  An orc (D:5)
  A bat zombie (Sewer)
  A kobold zombie (Sewer)
5 creatures vanquished.

Grand Total: 167 creatures vanquished

Notes
Turn   | Place    | Note
-------+----------+-------------------------------------------
     0 | D:1      | Gorglomux the Barachi Transmuter began the quest for the Orb.
     0 | D:1      | Reached XP level 1. HP: 15/15 MP: 3/3
    79 | D:1      | Reached XP level 2. HP: 20/21 MP: 3/5
   121 | D:1      | Learned a level 2 spell: Sticks to Snakes
   323 | D:1      | Reached XP level 3. HP: 26/26 MP: 4/6
   366 | D:1      | Learned a level 3 spell: Spider Form
   696 | D:2      | Reached XP level 4. HP: 27/32 MP: 7/7
  1057 | D:2      | Found a hazy altar of Hepliaklqana.
  1178 | D:2      | Found a sacrificial altar of Ru.
  1909 | D:3      | Reached XP level 5. HP: 4/40 MP: 8/8
  1912 | D:3      | Reached skill level 3 in Fighting
  2565 | D:3      | Noticed Jessica
  2599 | D:3      | Killed Jessica
  2599 | D:3      | Reached skill level 3 in Dodging
  2831 | D:4      | Found a glowing drain.
  2840 | D:4      | Reached XP level 6. HP: 39/47 MP: 2/9
  2887 | Sewer    | Entered a sewer
  3161 | Sewer    | Found a burning altar of Makhleb.
  3420 | Sewer    | Noticed Grinder
  3434 | Sewer    | Killed Grinder
  3434 | Sewer    | Reached skill level 3 in Spellcasting
  3434 | Sewer    | Reached skill level 3 in Transmutations
  3434 | Sewer    | Reached XP level 7. HP: 38/52 MP: 1/12
  4071 | D:4      | Reached XP level 8. HP: 53/58 MP: 10/14
  4526 | D:5      | Entered Level 5 of the Dungeon
  4910 | D:5      | Reached skill level 6 in Transmutations
  5139 | D:5      | Noticed Blork the orc
  5150 | D:5      | Killed Blork the orc
  5169 | D:5      | Learned a level 5 spell: Blade Hands
  5176 | D:5      | Reached skill level 6 in Spellcasting
  5180 | D:5      | Noticed Pikel
  5212 | D:5      | Killed Pikel
  5212 | D:5      | Reached XP level 9. HP: 21/63 MP: 15/19
  5373 | D:5      | Found a staircase to the Ecumenical Temple.
  5456 | Temple   | Entered the Ecumenical Temple
  5492 | Temple   | Became a worshipper of Warmaster Okawaru
  5625 | D:5      | HP: 3/63 [gnoll/spear (6)]
  5626 | D:5      | Slain by a gnoll

Skill      XL: |  1  2  3  4  5  6  7  8  9 |
---------------+----------------------------+-----
Unarmed Combat | 4 5 |  5.4
Fighting       | 2 3 |  3.0
Dodging        | 4 5 |  5.2
Spellcasting   | 3 4 6 7 |  7.1
Transmutations | 3 5 7 |  7.7

Action                   |  1- 3 |  4- 6 |  7- 9 || total
-------------------------+-------+-------+-------++-------
Melee: Unarmed           |    56 |   278 |   223 ||   557
       Headbutt          |     5 |     8 |       ||    13
       Kick              |     3 |     6 |       ||     9
       Punch             |     2 |     5 |     2 ||     9
Throw: Throwing net      |       |     2 |       ||     2
 Cast: Beastly Appendage |    13 |    27 |     2 ||    42
       Spider Form       |       |     4 |    25 ||    29
       Sticks to Snakes  |       |     4 |     9 ||    13
 Abil: Hop               |     1 |     1 |     5 ||     7
       End Transformatio |       |     1 |       ||     1
Evoke: Wand              |       |       |     2 ||     2
  Use: Scroll            |       |     6 |     2 ||     8
       Potion            |       |       |     1 ||     1
 Stab: Sleeping          |     1 |       |     1 ||     2
  Eat: Chunk             |       |     8 |    10 ||    18
       Ration            |       |     1 |       ||     1
Armor: Robe              |    19 |    83 |    46 ||   148
       Skin              |       |       |    13 ||    13
Dodge: Dodged            |    51 |   225 |   300 ||   576
